| TOP OF THE 1ST |
|
Columbus Jets batting - Pitching for Syracuse Chiefs : RHP Mike Krukow
|
|
Pitching: RHP Mike Krukow
|
|
|
Batting: LHB Craig Brooks
|
0-0: Ball 1-0: Ball 2-0: Called Strike 2-1: Ball 3-1: Foul Ball, location: 2F 3-2: Strikes out swinging
|
|
Batting: RHB Greg Schultz
|
0-0: Foul Ball, location: 2F 0-1: Reached via error on a dropped throw from SS, E3 (Groundball, 6, EV 88.1 MPH)
|
|
Batting: RHB Danny Tartabull
|
0-0: Ball 1-0: Called Strike 1-1: Ball 2-1: Foul Ball, location: 2F 2-2: Ball Greg Schultz steals 2nd base 3-2: Fly out, F4 (Flyball, 34D, EV 90.0 MPH)
|
|
Batting: LHB Larry Sheets
|
0-0: Foul Ball, location: 2F 0-1: Ball 1-1: Ball 2-1: Called Strike 2-2: Ball 3-2: DOUBLE (Flyball, 8RXD, EV 108.8 MPH) Greg Schultz scores
|
|
Batting: RHB Jim Maler
|
0-0: Foul Ball, location: 2F 0-1: Swinging Strike 0-2: Ball 1-2: Ball 2-2: Ball 3-2: Foul Ball, location: 2F 3-2: Base on Balls
|
|
Batting: RHB Glenn Goya
|
0-0: Called Strike 0-1: Ball 1-1: Foul Ball, location: 2F 1-2: Ground out 4-3 (Groundball, 4, EV 101.9 MPH)
|
| Top of the 1st over - 1 run, 1 hit, 1 error, 2 left on base; Columbus 1 - Syracuse 0 |
| BOTTOM OF THE 1ST |
|
Syracuse Chiefs batting - Pitching for Columbus Jets : RHP Gabriel Franqui
|
|
Pitching: RHP Gabriel Franqui
|
|
|
Batting: SHB Larry Lintz
|
0-0: Called Strike 0-1: Foul Ball, location: 2F 0-2: Ball 1-2: Ground out 5-3 (Groundball, 56S, EV 72.5 MPH)
|
|
Batting: RHB Phil Garner
|
0-0: Foul Ball, location: 2F 0-1: Called Strike 0-2: SINGLE (Flyball, 8RS, EV 90.0 MPH)
|
|
Batting: RHB Jim G Wilson
|
0-0: Foul Ball, location: 2F 0-1: SINGLE (Flyball, 4MD, EV 91.9 MPH) Phil Garner to second
|
|
Batting: RHB Hector Cruz
|
0-0: Ball 1-0: Ball 2-0: Ball 3-0: Called Strike 3-1: Swinging Strike 3-2: Strikes out looking
|
|
Batting: LHB Darryl Strawberry
|
0-0: Foul Ball, location: 2F 0-1: Ball 1-1: Called Strike 1-2: Foul Ball, location: 2F 1-2: Foul Ball, location: 2F 1-2: Ball 2-2: Ground out 4-3 (Groundball, 34, EV 88.8 MPH)
|
| Bottom of the 1st over - 0 runs, 2 hits, 0 errors, 2 left on base; Columbus 1 - Syracuse 0 |
| TOP OF THE 2ND |
|
Columbus Jets batting - Pitching for Syracuse Chiefs : RHP Mike Krukow
|
|
Batting: RHB Jorge Martinez
|
0-0: Ball 1-0: Ball 2-0: Called Strike 2-1: Foul Ball, location: 2F 2-2: Ground out 4-3 (Groundball, 4M, EV 98.8 MPH)
|
|
Batting: RHB Ray Smith
|
0-0: DOUBLE (Line Drive, 7LS, EV 103.8 MPH)
|
|
Batting: RHB Jackie Gutierrez
|
0-0: Called Strike 0-1: Ball 1-1: Ball 2-1: Foul Ball, location: 2F 2-2: Ground out 6-3 (Groundball, 6, EV 84.4 MPH) Ray Smith to third
|
|
Batting: LHB Craig Brooks
|
0-0: Swinging Strike 0-1: Swinging Strike 0-2: Foul Ball, location: 2F 0-2: Strikes out looking
|
| Top of the 2nd over - 0 runs, 1 hit, 0 errors, 1 left on base; Columbus 1 - Syracuse 0 |
| BOTTOM OF THE 2ND |
|
Syracuse Chiefs batting - Pitching for Columbus Jets : RHP Gabriel Franqui
|
|
Batting: RHB Dave Meier
|
0-0: Called Strike 0-1: Called Strike 0-2: SINGLE (Line Drive, 9S, EV 111.9 MPH)
|
|
Batting: LHB Wayne Gross
|
0-0: Ball 1-0: Swinging Strike 1-1: Foul Ball, location: 2F 1-2: Fly out, F8 (Flyball, 8LM, EV 88.8 MPH)
|
|
Batting: LHB Danny Goodwin
|
0-0: Called Strike 0-1: Fly out, F4 (Popup, 4M, EV 61.3 MPH)
|
|
Batting: LHB Jon Jimenez
|
0-0: Foul Ball, location: 2F 0-1: Ground out 4-3 (Groundball, 4, EV 103.1 MPH)
|
| Bottom of the 2nd over - 0 runs, 1 hit, 0 errors, 1 left on base; Columbus 1 - Syracuse 0 |
| TOP OF THE 3RD |
|
Columbus Jets batting - Pitching for Syracuse Chiefs : RHP Mike Krukow
|
|
Batting: RHB Greg Schultz
|
0-0: Ball 1-0: Foul Ball, location: 2F 1-1: Ball 2-1: Ground out U3 (Groundball, 34, EV 97.5 MPH)
|
|
Batting: RHB Danny Tartabull
|
0-0: Ball 1-0: Ball 2-0: Foul Ball, location: 2F 2-1: Foul Ball, location: 2F 2-2: Fly out, F7 (Flyball, 7S, EV 95.0 MPH)
|
|
Batting: LHB Larry Sheets
|
0-0: Ball 1-0: Ground out 5-3 (Groundball, 15, EV 86.3 MPH)
|
| Top of the 3rd over - 0 runs, 0 hits, 0 errors, 0 left on base; Columbus 1 - Syracuse 0 |
| BOTTOM OF THE 3RD |
|
Syracuse Chiefs batting - Pitching for Columbus Jets : RHP Gabriel Franqui
|
|
Batting: SHB Larry Lintz
|
0-0: Called Strike 0-1: Fly out, F9 (Flyball, 9LS, EV 85.0 MPH)
|
|
Batting: RHB Phil Garner
|
0-0: Ball 1-0: Called Strike 1-1: SINGLE (Line Drive, 78S, EV 90.0 MPH)
|
|
Batting: RHB Jim G Wilson
|
0-0: Ball 1-0: Ball 2-0: Ball 3-0: Called Strike 3-1: Called Strike 3-2: Base on Balls Phil Garner to second
|
|
Batting: RHB Hector Cruz
|
0-0: Fly out, F8 (Line Drive, 8RM, EV 98.8 MPH)
|
|
Batting: LHB Darryl Strawberry
|
0-0: Foul Ball, location: 2F 0-1: SINGLE (Flyball, 6MD, EV 90.6 MPH) Phil Garner to third Jim G Wilson to second Runner from 3rd tries for Home, SAFE, throw by CF to home
|
|
Batting: RHB Dave Meier
|
0-0: Foul Ball, location: 2F 0-1: Ball 1-1: Fielders Choice at 2nd, U4 (Groundball, 4M, EV 85.0 MPH)
|
| Bottom of the 3rd over - 1 run, 2 hits, 0 errors, 2 left on base; Columbus 1 - Syracuse 1 |
| TOP OF THE 4TH |
|
Columbus Jets batting - Pitching for Syracuse Chiefs : RHP Mike Krukow
|
|
Batting: RHB Jim Maler
|
0-0: Called Strike 0-1: Ball 1-1: Ball 2-1: Ball 3-1: Base on Balls
|
|
Batting: RHB Glenn Goya
|
0-0: Ball 1-0: Ball 2-0: Fly out, F4 (Line Drive, 4, EV 67.5 MPH)
|
|
Batting: RHB Jorge Martinez
|
0-0: Grounds into double play, 6-4-3 (Groundball, 6, EV 99.4 MPH)
|
| Top of the 4th over - 0 runs, 0 hits, 0 errors, 0 left on base; Columbus 1 - Syracuse 1 |
| BOTTOM OF THE 4TH |
|
Syracuse Chiefs batting - Pitching for Columbus Jets : RHP Gabriel Franqui
|
|
Batting: LHB Wayne Gross
|
0-0: Foul Ball, location: 2F 0-1: Fly out, F8 (Flyball, 8LXD, EV 104.4 MPH)
|
|
Batting: LHB Danny Goodwin
|
0-0: Fly out, F6 (Popup, 6M, EV 71.3 MPH)
|
|
Batting: LHB Jon Jimenez
|
0-0: Called Strike 0-1: Ball 1-1: Ball 2-1: Ball 3-1: SINGLE (Line Drive, 6M, EV 100.0 MPH)
|
|
Batting: SHB Larry Lintz
|
0-0: Ball Jon Jimenez steals 2nd base 1-0: Foul Ball, location: 2F 1-1: Ball 2-1: Swinging Strike 2-2: Foul Ball, location: 2F 2-2: Strikes out swinging
|
| Bottom of the 4th over - 0 runs, 1 hit, 0 errors, 1 left on base; Columbus 1 - Syracuse 1 |
| TOP OF THE 5TH |
|
Columbus Jets batting - Pitching for Syracuse Chiefs : RHP Mike Krukow
|
|
Batting: RHB Ray Smith
|
0-0: Foul Ball, location: 2F 0-1: Fly out, F7 (Flyball, 7, EV 88.1 MPH)
|
|
Batting: RHB Jackie Gutierrez
|
0-0: Ball 1-0: Foul Ball, location: 2F 1-1: Called Strike 1-2: Fly out, F7 (Line Drive, 7, EV 96.9 MPH)
|
|
Batting: LHB Craig Brooks
|
0-0: Ground out 1-3 (Groundball, 15S, EV 61.9 MPH)
|
| Top of the 5th over - 0 runs, 0 hits, 0 errors, 0 left on base; Columbus 1 - Syracuse 1 |
| BOTTOM OF THE 5TH |
|
Syracuse Chiefs batting - Pitching for Columbus Jets : RHP Gabriel Franqui
|
|
Batting: RHB Phil Garner
|
0-0: Called Strike 0-1: Ball 1-1: Foul Ball, location: 2F 1-2: Strikes out swinging
|
|
Batting: RHB Jim G Wilson
|
0-0: Foul Ball, location: 2F 0-1: Foul Ball, location: 2F 0-2: Strikes out looking
|
|
Batting: RHB Hector Cruz
|
0-0: Called Strike 0-1: Foul Ball, location: 2F 0-2: Fly out, F7 (Flyball, 7LM, EV 90.0 MPH)
|
| Bottom of the 5th over - 0 runs, 0 hits, 0 errors, 0 left on base; Columbus 1 - Syracuse 1 |
| TOP OF THE 6TH |
|
Columbus Jets batting - Pitching for Syracuse Chiefs : RHP Mike Krukow
|
|
Batting: RHB Greg Schultz
|
0-0: Called Strike 0-1: Called Strike 0-2: Ball 1-2: Foul Ball, location: 2F 1-2: Foul Ball, location: 2F 1-2: Fly out, F7 (Flyball, 78D, EV 84.4 MPH)
|
|
Batting: RHB Danny Tartabull
|
0-0: Ground out 6-3 (Groundball, 56, EV 80.0 MPH)
|
|
Batting: LHB Larry Sheets
|
0-0: Called Strike 0-1: Foul Ball, location: 2F 0-2: Ball 1-2: Strikes out swinging
|
| Top of the 6th over - 0 runs, 0 hits, 0 errors, 0 left on base; Columbus 1 - Syracuse 1 |
| BOTTOM OF THE 6TH |
|
Syracuse Chiefs batting - Pitching for Columbus Jets : RHP Gabriel Franqui
|
|
Batting: LHB Darryl Strawberry
|
0-0: Ball 1-0: Swinging Strike 1-1: Foul Ball, location: 2F 1-2: TRIPLE (Flyball, 8LXD, EV 91.9 MPH)
|
|
Batting: RHB Dave Meier
|
0-0: Called Strike 0-1: Called Strike 0-2: Ball 1-2: Ball 2-2: Ball 3-2: Base on Balls
|
|
Batting: LHB Wayne Gross
|
0-0: Grounds into double play, 4-6-3 (Groundball, 4, EV 110.0 MPH) Darryl Strawberry scores
|
|
Batting: LHB Danny Goodwin
|
0-0: Ball 1-0: Ground out 4-3 (Groundball, 34D, EV 82.5 MPH)
|
| Bottom of the 6th over - 1 run, 1 hit, 0 errors, 0 left on base; Columbus 1 - Syracuse 2 |
| TOP OF THE 7TH |
|
Columbus Jets batting - Pitching for Syracuse Chiefs : RHP Mike Krukow
|
|
Batting: RHB Jim Maler
|
0-0: Ball 1-0: Foul Ball, location: 2F 1-1: Foul Ball, location: 2F 1-2: Foul Ball, location: 2F 1-2: Strikes out swinging
|
|
Batting: RHB Glenn Goya
|
0-0: Ball 1-0: Called Strike 1-1: Called Strike 1-2: Ball 2-2: Ball 3-2: Foul Ball, location: 2F 3-2: Foul Ball, location: 2F 3-2: Foul Ball, location: 2F 3-2: Ground out 6-3 (Groundball, 6M, EV 91.3 MPH)
|
|
Batting: RHB Jorge Martinez
|
0-0: Called Strike 0-1: Called Strike 0-2: Ball 1-2: Foul Ball, location: 2F 1-2: Strikes out swinging
|
| Top of the 7th over - 0 runs, 0 hits, 0 errors, 0 left on base; Columbus 1 - Syracuse 2 |
| BOTTOM OF THE 7TH |
|
Syracuse Chiefs batting - Pitching for Columbus Jets : RHP Gabriel Franqui
|
|
Batting: LHB Jon Jimenez
|
0-0: Ground out 5-3 (Groundball, 15, EV 86.3 MPH)
|
|
Batting: SHB Larry Lintz
|
0-0: Ball 1-0: Ball 2-0: Ball 3-0: Base on Balls
|
|
Batting: RHB Phil Garner
|
0-0: Ball Wild Pitch! Larry Lintz to second 1-0: Called Strike 1-1: Ball 2-1: Fly out, F9 (Flyball, 9LM, EV 77.5 MPH)
|
|
Batting: RHB Jim G Wilson
|
0-0: Swinging Strike 0-1: DOUBLE (Flyball, 89XD, EV 110.6 MPH) Larry Lintz scores
|
|
Batting: RHB Hector Cruz
|
0-0: Ball 1-0: Called Strike 1-1: Ball 2-1: Ball 3-1: 2-RUN HOME RUN (Flyball, 78XD, EV 100.0 MPH), Distance : 440 ft
|
|
Pitching: RHP Martin Ronnenbergh
|
|
|
Batting: LHB Darryl Strawberry
|
0-0: Ball 1-0: Called Strike 1-1: Foul Ball, location: 2F 1-2: Ball 2-2: Foul Ball, location: 2F 2-2: Foul Ball, location: 2F 2-2: Ball 3-2: Base on Balls
|
|
Batting: RHB Dave Meier
|
0-0: Ball 1-0: Called Strike 1-1: Called Strike 1-2: Strikes out swinging
|
| Bottom of the 7th over - 3 runs, 2 hits, 0 errors, 1 left on base; Columbus 1 - Syracuse 5 |
| TOP OF THE 8TH |
|
Columbus Jets batting - Pitching for Syracuse Chiefs : RHP Mike Krukow
|
|
Batting: RHB Ray Smith
|
0-0: Ground out 5-3 (Groundball, 56, EV 88.8 MPH)
|
|
Batting: RHB Jackie Gutierrez
|
0-0: Fly out, F7 (Flyball, 7, EV 78.1 MPH)
|
|
Batting: LHB Craig Brooks
|
0-0: Ball 1-0: Ball 2-0: Ground out 4-3 (Groundball, 4S, EV 61.9 MPH)
|
| Top of the 8th over - 0 runs, 0 hits, 0 errors, 0 left on base; Columbus 1 - Syracuse 5 |
| BOTTOM OF THE 8TH |
|
Syracuse Chiefs batting - Pitching for Columbus Jets : RHP Martin Ronnenbergh
|
|
Batting: LHB Wayne Gross
|
0-0: Ball 1-0: Ball 2-0: Ground out 6-3 (Groundball, 6M, EV 108.8 MPH)
|
|
Batting: LHB Danny Goodwin
|
0-0: Ground out 3-1 (Groundball, 34, EV 88.8 MPH)
|
|
Batting: LHB Jon Jimenez
|
0-0: Ball 1-0: Foul Ball, location: 2F 1-1: Ball 2-1: Called Strike 2-2: Foul Ball, location: 2F 2-2: Ball 3-2: SINGLE (Groundball, 4MD, EV 94.4 MPH)
|
|
Batting: SHB Larry Lintz
|
0-0: Ball Jon Jimenez steals 2nd base 1-0: SINGLE (Groundball, 6MS, EV 73.8 MPH) (infield hit) Jon Jimenez to third
|
|
Batting: RHB Phil Garner
|
0-0: Called Strike 0-1: Ball 1-1: Ball 2-1: DOUBLE (Line Drive, 7LM, EV 110.0 MPH) Jon Jimenez scores Larry Lintz to third Runner from 3rd tries for Home, SAFE, throw by LF to home
|
|
Pitching: RHP Jose Alonso
|
|
|
Batting: RHB Jim G Wilson
|
0-0: Called Strike 0-1: Called Strike 0-2: Ball 1-2: Foul Ball, location: 2F 1-2: Foul Ball, location: 2F 1-2: Ball 2-2: Strikes out looking
|
| Bottom of the 8th over - 2 runs, 3 hits, 0 errors, 1 left on base; Columbus 1 - Syracuse 7 |
| TOP OF THE 9TH |
|
Columbus Jets batting - Pitching for Syracuse Chiefs : RHP Mike Krukow
|
|
Batting: RHB Greg Schultz
|
0-0: Fly out, F2 (Popup, 2R, EV 93.1 MPH)
|
|
Batting: RHB Danny Tartabull
|
0-0: Ball 1-0: Foul Ball, location: 2F 1-1: Foul Ball, location: 2F 1-2: Foul Ball, location: 2F 1-2: Ball 2-2: Ball 3-2: SINGLE (Flyball, 8LS, EV 97.5 MPH)
|
|
Batting: LHB Larry Sheets
|
0-0: Ball 1-0: Fly out, F8 (Flyball, 8RXD, EV 98.8 MPH)
|
|
Batting: RHB Jim Maler
|
0-0: Ball 1-0: Called Strike 1-1: Swinging Strike 1-2: Ground out U3 (Groundball, 34, EV 79.4 MPH)
|
| Top of the 9th over - 0 runs, 1 hit, 0 errors, 1 left on base; Columbus 1 - Syracuse 7 |
|